 Dungeon Crawl Stone Soup version 0.30-a0-870-gc5d4c5acee (webtiles) character file.

Game seed: 16961872053470379914

17 Pimp the Conjurer (level 2, -2/20 HPs)
             Began as a Draconian Conjurer on Mar 11, 2023.
             Slain by a worm (10 damage)
             ... on level 2 of the Dungeon.
             The game lasted 00:02:54 (1267 turns).

Pimp the Conjurer (Draconian Conjurer)              Turns: 1267, Time: 00:02:54

Health: -2/20      AC:  4    Str:  9    XL:     2   Next: 44%
Magic:  1/5        EV: 12    Int: 18    God:
Gold:   66         SH:  0    Dex:  9    Spells: 2/5 levels left

rFire   . . .      SeeInvis .    (no weapon)
rCold   . . .      Faith    .    (no shield)
rNeg    . . .      Spirit   .    (body armour unavailable)
rPois   .          Reflect  .    (helmet restricted)
rElec   .          Rampage  .    (no cloak)
rCorr   .                        (no gloves)
Will    .....                    (no boots)
Stlth   ++                       (no amulet)
HPRegen 0.23/turn                (no ring)
MPRegen 0.09/turn                (no ring)

@: slowed, very slow
A: AC +4, unfitting armour, cold-blooded
a: no special abilities


You were on level 2 of the Dungeon.
You visited 1 branch of the dungeon, and saw 2 of its levels.

You collected 66 gold pieces.

Inventory:

Jewellery
 d - an amulet of magic regeneration
Scrolls
 c - a scroll of fog {unknown}
Potions
 a - a potion of magic
 b - a potion of mutation {unknown}
 e - a potion of heal wounds {unknown}


   Skills:
 + Level 0.3 Fighting
 + Level 2.0 Dodging
 + Level 2.1 Stealth
 + Level 2.2 Spellcasting
 + Level 4.1 Conjurations


You had 2 spell levels left.
You knew the following spells:

 Your Spells              Type           Power      Damage    Failure   Level
a - Magic Dart            Conj           68%        1d6       3%          1
b - Searing Ray           Conj           34%        2d5       4%          2

Your spell library contained the following spells:

 Spells                   Type           Power      Damage    Failure   Level
 Dazzling Flash           Conj/Hex       18%        N/A       22%         3
 Fulminant Prism          Conj/Hex       4%         3d5       58%         4
 Iskenderun's Mystic Bla  Conj/Tloc      9%         2d4       58%         4


Dungeon Overview and Level Annotations

Branches:
Dungeon (2/15)

Altars:

Shops:
D:1 (![


Innate Abilities, Weirdness & Mutations

Your plain brown scales are hard. (AC +4)
You cannot fit into any form of body armour.
You are cold-blooded and may be slowed by cold attacks.


Message History

The magic dart hits the worm.
The worm is moderately wounded.
An endoplasm comes into view.
The endoplasm quivers.
You hit the worm but do no damage.
The worm is lightly wounded.
You hit the worm but do no damage.
The worm is lightly wounded.
The worm bites you!
Ouch! That really hurt!
There is a stone staircase leading up here.
You climb upwards.
There is a stone staircase leading down here.
You start resting.
Magic restored.
You start resting.
HP restored.
Memorise Searing Ray, consuming 2 spell levels and leaving 2?
You start memorising the spell.
You continue memorising. x2
You finish memorising.
Spell assigned to 'b'.
You climb downwards.
The worm bites you! The endoplasm completely misses you.
There is a stone staircase leading up here.
Casting: Magic Dart (safe; 3% risk of failure)
Confirm with . or Enter, or press ? or * to list all spells.
Aiming: Searing Ray (safe; 4% risk of failure)
Press: ? - help, Shift-Dir - straight line, f - worm
Aim: a worm (92% to hit)
The searing ray hits the worm.
The worm is moderately wounded. (Press . to maintain the ray.)
The endoplasm barely misses you. The worm bites you but does no damage.
The searing ray hits the worm.
The worm is heavily wounded.
The endoplasm freezes you.
You are frozen.
You feel yourself slow down.
The searing ray hits the worm!
The worm is almost dead.
The endoplasm barely misses you. The worm bites you!
Ouch! That really hurt!
You die...

####
#).
.).
#.#
#.#
#.#
#.#
#J#
#@#
#w#
#.#
#.#
###


You could see a worm and an endoplasm.

Vanquished Creatures
  A dart slug (D:1)
  3 ball pythons (D:1)
  2 endoplasms (D:1)
  A giant cockroach (D:1)
  2 quokkas (D:1)
  A frilled lizard (D:1)
  A goblin (D:2)
  A kobold (D:1)
  2 rats (D:1)
14 creatures vanquished.

Notes
Turn   | Place    | Note
-------+----------+-------------------------------------------
     0 | D:1      | Pimp the Draconian Conjurer began the quest for the Orb.
     0 | D:1      | Reached XP level 1. HP: 14/14 MP: 3/3
    43 | D:1      | Found Zaebliew's Weapon Shoppe.
   226 | D:1      | Found Detetox's Distillery.
   312 | D:1      | Reached XP level 2. HP: 20/20 MP: 1/5
   516 | D:1      | Found Waewur's Antique Weapon Shop.
   847 | D:1      | Found Ecwiogh's Antique Armour Emporium.
  1263 | D:1      | Learned a level 2 spell: Searing Ray
  1267 | D:2      | Slain by a worm

Illustrated notes

Levels and vault maps discovered:
D:1:      lemuel_arrival_behind_the_door_small, layout_basic, serial_shops,
          shop, nicolae_lakefront_shop, shop, nicolae_shop_behind_doors,
          st_stairs_6, serial_bayou_crossing
D:2:      layout_basic, serial_shops, shop, nicolae_square_shop, uniq_robin

Skill      XL: |  1 |
---------------+----+-----
Dodging        | 2 |  2.0
Stealth        | 2 |  2.1
Fighting       | |  0.3
Spellcasting   | |  2.2
Conjurations   | |  4.1

Action                     || total
---------------------------++-------
  Melee: Unarmed           ||    46
         Tailslap          ||     6
   Cast: Magic Dart        ||    20
         Searing Ray       ||     1
   Stab: Sleeping          ||     3
 Armour: Skin              ||     9
  Dodge: Dodged            ||    38

Table legend: (Time is in decaauts)
 A = Elapsed time spent in this place.
 B = Non-inter-level travel time spent in this place.
 C = Inter-level travel time spent in this place.
 D = Time resting spent in this place.
 E = Time spent auto-exploring this place.
 F = Levels seen in this place.
 G = Mean time per level.
                   A        B        C        D        E       F      G
               +--------+--------+--------+--------+--------+-----+--------+
         Total |   1276 |   1253 |     23 |     84 |   1009 |   2 |  638.0 |
       Dungeon |   1276 |   1253 |     23 |     84 |   1009 |   2 |  638.0 |
               +--------+--------+--------+--------+--------+-----+--------+

Top non-repeatable levels by time:
     D:1: 1259 daAuts
     D:2: 17 daAuts
